 Dungeon Crawl Stone Soup version 0.13.1-28-g3517093 (webtiles) character file.

3112 Iskender the Chiller (level 9, -2/37 HPs)
             Began as a Felid Chaos Knight on Mar 7, 2014.
             Was a Priest of Vehumet.
             Slain by a hill giant
             ... wielding a +0,+0 giant club
              (26 damage)
             ... on Level 10 of the Dungeon.
             The game lasted 01:27:22 (12746 turns).

Iskender the Chiller (Felid Chaos Knight)          Turns: 12746, Time: 01:27:22

HP  -2/37        AC  6     Str  8      XL: 9   Next: 36%
MP   7/18        EV 19     Int 17      God: Vehumet [***...]
Gold 449         SH  0     Dex 13      Spells:  4 memorised,  3 levels left
Lives: 0, deaths: 2

Res.Fire  : . . .   See Invis. : +     - Unarmed
Res.Cold  : + . .   Warding    : .   (armour unavailable)
Life Prot.: . . .   Conserve   : +   (shield unavailable)
Res.Poison: .       Res.Corr.  : .   (helmet unavailable)
Res.Elec. : .       Clarity    : .   (cloak unavailable)
Sust.Abil.: . .     Spirit.Shd : .   (gloves unavailable)
Res.Mut.  : .       Stasis     : .   (boots unavailable)
Res.Rott. : .       Flight     : .   k - amulet of conservation
Saprovore : . . .                    l - +4 ring of protection
                                     m - ring of protection from cold

@: quick, somewhat resistant to hostile enchantments, very stealthy
A: paw claws, no armour, no advanced items, fangs 3, see invisible, carnivore 3,
speed 1, slow metabolism 1, AC +2, Dex -2
a: Renounce Religion


You were on level 10 of the Dungeon.
You worshipped Vehumet.
Vehumet was most pleased with you.
You were very full.

You visited 3 branches of the dungeon, and saw 12 of its levels.

You collected 429 gold pieces.

Inventory:

Missiles
 a - 52 stones
Comestibles
 c - 4 meat rations
Scrolls
 d - 6 scrolls of teleportation
 f - a scroll of fog {unknown}
 g - a scroll of blinking {unknown}
 i - 3 scrolls of remove curse {unknown}
 j - a scroll of enchant armour {unknown}
 t - a scroll of enchant weapon II {unknown}
 u - a scroll of enchant weapon I {unknown}
 y - a scroll of noise {unknown}
 A - a scroll of curse jewellery {unknown}
 C - a scroll of fear
 G - a scroll of enchant weapon III {unknown}
Jewellery
 k - an amulet of conservation (around neck)
 l - a +4 ring of protection (right paw)
 m - a ring of protection from cold (left paw)
 x - an uncursed ring of protection from magic
 B - an uncursed ring of positive energy
Potions
 b - 2 potions of brilliance {unknown}
 e - 2 potions of heal wounds
 h - a potion of paralysis {unknown}
 n - a potion of restore abilities
 p - 4 potions of curing
 q - a potion of flight {unknown}
 r - a potion of slowing {unknown}
 s - 3 potions of berserk rage {unknown}
 v - 3 potions of cure mutation {unknown}
 z - 2 potions of resistance {unknown}
 D - a potion of agility {unknown}
 E - a potion of invisibility
 F - 2 potions of degeneration {unknown}
Books
 o - a book of Ice

   Spells                             Type                      Level
   Freezing Aura                      Charms/Ice                   2
   Ensorcelled Hibernation            Hexes/Ice                    2
   Ozocubu's Refrigeration            Ice                          6
   Bolt of Cold                       Conjuration/Ice              6
   Freezing Cloud                     Conjuration/Ice/Air          6
   Metabolic Englaciation             Hexes/Ice                    6
   Simulacrum                         Ice/Necromancy               6
 w - a book of Control

   Spells                             Type                      Level
   Control Teleport                   Charms/Translocation         4
   Control Undead                     Necromancy                   4
   Enslavement                        Hexes                        4
   Mass Confusion                     Hexes                        6
   Metabolic Englaciation             Hexes/Ice                    6


   Skills:
 - Level 3.0 Fighting
 - Level 5.6 Dodging
 - Level 6.4 Stealth
 - Level 6.2 Unarmed Combat
 + Level 1.7 Spellcasting
 - Level 5.6 Conjurations
 - Level 7.5 Ice Magic
 - Level 3.0 Air Magic


You had 3 spell levels left.
You knew the following spells:

 Your Spells              Type           Power        Failure   Level  Hunger
c - Airstrike             Air            ##........   28%         4    #####..
x - Throw Frost           Conj/Ice       ###...       1%          2    ###....
y - Sandblast             Erth           #.....       7%          1    #......
z - Freeze                Ice            ####         1%          1    #......


Dungeon Overview and Level Annotations

Branches:
Dungeon (10/27)            Temple (1/1) D:5             Orc (1/4) D:9
   Lair (0/8) D:10

Altars:
Fedhas
Nemelex Xobeh
Okawaru
Sif Muna
Trog
Vehumet
Xom
the Shining One

Annotations:
D:10 Psyche
Orc:1 !knight


Innate Abilities, Weirdness & Mutations

You cannot wear armour.
You are incapable of any advanced item manipulation.
Your paws have sharp claws.
You have razor-sharp teeth.
You have supernaturally acute eyesight.
You are carnivorous and can eat meat at any time.
You cover ground quickly.
You are covered in thick fur (AC +2).
You have a slow metabolism.
You are clumsy. (Dex -2)


Message History

Aim: a hill giant, wielding a giant club (moderately wounded)
The puff of frost hits the hill giant.
The hill giant is moderately wounded.
Casting: Throw Frost
Confirm with . or Enter, or press ? or * to list all spells.
Aiming: Throw Frost
Press: ? - help, Shift-Dir - straight line, f/p - hill giant
Aim: a hill giant, wielding a giant club (moderately wounded)
The puff of frost hits the hill giant.
The hill giant is moderately wounded.
You scratch the hill giant.
The hill giant begins to bleed from its wounds!
Your bite misses the hill giant.
The hill giant is heavily wounded.
The hill giant hits you with a giant club!
You scratch the hill giant but do no damage.
The hill giant is heavily wounded.
The hill giant hits you with a giant club!
Ouch! That really hurt!
You die...

########.#....# #.##.##########
#......[......###.##...........
#.######.....>....############.
#.# #####...........# #. #.#
##.########.## #. ###.# #.#
...# #. ....# #.# ###...### #.
##### #)#####..[....## #.
############# #.@C............
## ............#
#.#####.......## ###########.#
#.# ###...### # # #.# #.# ...#
# # #.# #.# ......... #
#######.###.### ......... #
#..........%.z.. .####... #
#.###.......### . ..... # #.#
#.#.###.... ######


You could see a hill giant (bleeding).

Vanquished Creatures
  A black mamba (shapeshifter) (D:10)
  A wyvern (D:10)
  A hungry ghost (D:9)
  2 porcupines (D:10)
  A sky beast (D:7)
  2 phantoms
  An ice beast (D:8)
  2 ogres (D:8)
  2 centaurs
  5 giant frogs
  An agate snail (D:10)
  An eye of draining (D:8)
  A yak zombie (D:6)
  A killer bee (D:8)
  A vampire bat (D:6)
  8 wights
  2 crimson imps
  A goliath beetle (D:9)
  2 jellies
  A giant frog zombie (D:10)
  3 iguanas
  A quasit (D:8)
  5 hounds
  5 worker ants
  7 orc wizards
  3 orc priests
  4 ogre zombies (D:9)
  A worker ant zombie (D:7)
  3 gnolls (D:5)
  7 adders
  A giant centipede (D:10)
  5 worms
  An adder zombie (D:9)
  A scorpion zombie (D:6)
  An adder skeleton (D:4)
  2 giant geckos
  An ooze (D:1)
  18 orcs
  7 giant cockroaches
  12 goblins
  13 hobgoblins
  11 jackals
  8 quokkas
  17 bats
  3 giant newts
  A giant spore (D:8)
  A goblin skeleton (D:9)
  2 goblin zombies (D:9)
  2 hobgoblin skeletons (D:9)
  5 hobgoblin zombies
  8 kobolds
  8 orc zombies (D:9)
  13 rats
  A rat zombie (D:6)
  3 ballistomycetes
  A plant (D:10)
222 creatures vanquished.

Vanquished Creatures (others)
  A giant spore (D:9)
1 creature vanquished.

Grand Total: 223 creatures vanquished

Notes
Turn   | Place    | Note
--------------------------------------------------------------
     0 | D:1      | Iskender, the Felid Chaos Knight, began the quest for the Orb.
     0 | D:1      | Reached XP level 1. HP: 9/9 MP: 2/2
    65 | D:1      | Reached skill level 1 in Stealth
   534 | D:1      | XOM: divination: magic mapping
   647 | D:1      | Reached XP level 2. HP: 13/13 MP: 3/3
   781 | D:1      | XOM: divination: detect creatures
   901 | D:1      | XOM: silly message
   999 | D:1      | XOM: mild Trmt miscast
  1029 | D:1      | XOM: divination: magic mapping
  1367 | D:1      | XOM: harmless Fire miscast
  1496 | D:1      | XOM: silly message
  1955 | D:2      | Found a shimmering altar of Xom.
  1963 | D:2      | Reached XP level 3. HP: 16/16 MP: 5/5
  2297 | D:3      | Noticed a giant frog
  2322 | D:3      | Killed a giant frog
  2322 | D:3      | Reached skill level 4 in Unarmed Combat
  2322 | D:3      | Reached XP level 4. HP: 1/20 MP: 7/7
  2580 | D:2      | XOM: divination: detect creatures
  2677 | D:2      | XOM is BORED!
  2677 | D:2      | XOM: noise
  2678 | D:3      | Found a bloodstained altar of Trog.
  2868 | D:3      | Reached skill level 5 in Unarmed Combat
  3024 | D:3      | XOM: harmless Chrm miscast
  3082 | D:3      | XOM: cast spell 'Summon Butterflies'
  3319 | D:3      | HP: 1/20 [adder (3)]
  3323 | D:3      | Reached XP level 5. HP: 23/23 MP: 8/8
  3376 | D:3      | XOM: confuse monster(s)
  3757 | D:4      | XOM: mild Fire miscast
  3839 | D:4      | Reached skill level 5 in Dodging
  4335 | D:3      | Gained mutation: You are covered in thick fur (AC +2). [growing up]
  4335 | D:3      | Reached XP level 6. HP: 27/27 MP: 10/10
  4417 | D:4      | XOM: mild Erth miscast
  4690 | D:4      | XOM: colour smoke trail
  4768 | D:5      | Entered Level 5 of the Dungeon
  4831 | D:5      | Found a staircase to the Ecumenical Temple.
  4840 | Temple   | Entered the Ecumenical Temple
  4860 | Temple   | XOM: medium Pois miscast
  4933 | Temple   | Fell from the grace of Xom
  4933 | Temple   | Became a worshipper of Vehumet
  5420 | D:4      | Slain by an orc priest
  5421 | D:4      | Reached XP level 5. HP: -1/23 MP: 8/8
  5575 | D:5      | Reached skill level 6 in Unarmed Combat
  5597 | D:4      | Reached XP level 6. HP: 27/27 MP: 10/10
  6208 | D:6      | Reached skill level 5 in Stealth
  6635 | D:6      | XOM: medium Ice miscast
  6683 | D:6      | Acquired Vehumet's first power
  6683 | D:6      | Offered knowledge of Freeze by Vehumet.
  6686 | D:6      | Learned a level 1 spell: Freeze
  6704 | D:6      | Reached skill level 1 in Ice Magic
  7316 | D:6      | Reached skill level 1 in Spellcasting
  7316 | D:6      | Reached XP level 7. HP: 30/30 MP: 11/14
  7814 | D:7      | XOM: give mutations
  7814 | D:7      | Gained mutation: You are clumsy. (Dex -2) [Xom's mischief]
  8441 | D:7      | Reached XP level 8. HP: 34/34 MP: 10/15
  8844 | D:5      | Reached skill level 5 in Ice Magic
  9245 | D:8      | XOM: 1-stop teleportation journey
  9306 | D:8      | Offered knowledge of Sandblast by Vehumet.
  9768 | D:8      | Reached skill level 7 in Ice Magic
 10304 | D:6      | Learned a level 1 spell: Sandblast
 10548 | D:9      | Noticed a queen bee
 10562 | D:8      | Reached XP level 9. HP: 14/37 MP: 14/17
 10647 | D:8      | Slain by a killer bee
 10648 | D:8      | Reached XP level 8. HP: 0/34 MP: 12/15
 11252 | D:9      | Offered knowledge of Throw Frost by Vehumet.
 11289 | D:9      | Learned a level 2 spell: Throw Frost
 11323 | D:9      | Reached skill level 1 in Conjurations
 11423 | D:9      | Found a staircase to the Orcish Mines.
 11438 | D:9      | Acquired Vehumet's second power
 11570 | Orc:1    | Entered Level 1 of the Orcish Mines
 11570 | Orc:1    | Noticed an orc knight
 11571 | Orc:1    | Found a bloodstained altar of Trog.
 11693 | D:10     | Entered Level 10 of the Dungeon
 11711 | D:10     | Found a staircase to the Lair.
 11712 | D:10     | Noticed Psyche
 12251 | D:10     | Reached skill level 5 in Conjurations
 12251 | D:10     | Reached XP level 9. HP: 37/37 MP: 4/17
 12314 | D:10     | Offered knowledge of Airstrike by Vehumet.
 12363 | D:10     | Learned a level 4 spell: Airstrike
 12405 | D:10     | Reached skill level 1 in Air Magic
 12532 | D:10     | Noticed a black mamba
 12532 | D:10     | a basilisk changed into a black mamba
 12535 | D:10     | Killed a black mamba
 12594 | D:10     | XOM: mild Divn miscast
 12597 | D:10     | Noticed a hill giant
 12746 | D:10     | Slain by a hill giant

Action                   |  1- 3 |  4- 6 |  7- 9 || total
-------------------------+-------+-------+-------++-------
Melee: Unarmed           |    85 |   318 |   356 ||   759
 Cast: Freeze            |       |     9 |   172 ||   181
       Throw Frost       |       |       |    25 ||    25
       Sandblast         |       |       |     3 ||     3
  Use: Potion            |       |     4 |     1 ||     5
       Scroll            |       |     9 |     5 ||    14
 Stab: Distracted        |     1 |       |     3 ||     4
       Sleeping          |     5 |    16 |     8 ||    29
       Invisible         |       |     2 |       ||     2
